 Dungeon Crawl Stone Soup version 0.25-a0-443-gece2dee8bd (webtiles) character file.

Game seed: 6456834540622566732, levelgen mode: deterministic

746 DerDa the Digger (level 7, -3/36 HPs)
             Began as a Gargoyle Earth Elementalist on Jan 30, 2020.
             Slain by an iguana (7 damage)
             ... on level 4 of the Dungeon.
             The game lasted 00:10:35 (3174 turns).

DerDa the Digger (Gargoyle Earth Elementalist)      Turns: 3174, Time: 00:10:36

Health: -3/36      AC:  9    Str: 11    XL:     7   Next: 77%
Magic:  14/14      EV: 12    Int: 18    God:
Gold:   225        SH:  0    Dex: 10    Spells: 1/16 levels left

rFire    x . .     SeeInvis .   j - +2 dagger (venom)
rCold    + . .     Gourm    .   (no shield)
rNeg     + . .     Faith    .   c - +0 robe
rPois    ∞         Spirit   .   A - +0 helmet
rElec    +         Reflect  .   y - +0 cloak
rCorr    .         Harm     .   (no gloves)
MR       .....                  w - +0 pair of boots
Stlth    ++........             (no amulet)
HPRegen  0.12/turn              u - ring of ice
MPRegen  0.14/turn              (no ring)

@: no status effects
A: negative energy resistance 1, electricity resistance, unbreathing,
petrification resistance, rot immunity, AC +4
a: no special abilities


You were on level 4 of the Dungeon.
You were hungry.

You visited 1 branch of the dungeon, and saw 4 of its levels.

You collected 225 gold pieces.

Inventory:

Hand Weapons
 a - a +0 short sword
 f - a +0 flail
 j - a +2 dagger of venom (weapon)
Missiles
 b - 28 stones (quivered)
 g - 2 throwing nets
 l - 16 bolts
 p - 7 poisoned darts
Armour
 c - a +0 robe (worn)
 e - a +0 leather armour
 w - a +0 pair of boots (worn)
 y - a +0 cloak (worn)
 A - a +0 helmet (worn)
Jewellery
 u - a ring of ice (left hand)
Wands
 m - a wand of flame (28)
 B - a wand of iceblast (7)
Scrolls
 h - 2 scrolls of blinking
 n - 2 scrolls of teleportation
 s - 2 scrolls of amnesia
 v - a scroll of noise {unknown}
Potions
 i - a potion of heal wounds {unknown}
 o - a potion of flight {unknown}
 t - 2 potions of cancellation {unknown}
 z - a potion of magic {unknown}
 C - a potion of curing {unknown}
Comestibles
 d - 11 rations
 x - 22 chunks of flesh


   Skills:
 - Level 1.5 Dodging
 - Level 2.1 Stealth
 * Level 5.2 Spellcasting
 + Level 3.3 Conjurations
 - Level 0.7 Transmutations
 * Level 7.4 Earth Magic


You had one spell level left.
You knew the following spells:

 Your Spells              Type           Power        Failure   Level  Hunger
a - Sandblast             Erth           ####..       1%          1    None
b - Stone Arrow           Conj/Erth      ###...       4%          3    ##.....
c - Lee's Rapid Deconstr  Erth           ####......   17%         5    ######.
d - Petrify               Tmut/Erth      ###.....     24%         4    ####...
w - Passwall              Tmut/Erth      ###.....     3%          2    #......

Your spell library contained the following spells:

 Spells                   Type           Power        Failure   Level  Hunger


Dungeon Overview and Level Annotations

Branches:
Dungeon (4/15)
 Temple: D:4-7

Altars:


Innate Abilities, Weirdness & Mutations

You are resistant to torment.
Your stone body is resilient. (AC +4)
You are immune to poison.
You resist negative energy. (rN+)
You are resistant to electric shocks. (rElec)
You can survive without breathing.
You are immune to petrification.
You are immune to rotting.


Message History

You remove your amulet of inaccuracy.
You drop an uncursed amulet of inaccuracy.
The gnoll closely misses you.
You hit the gnoll.
The gnoll looks as sick as possible!
The gnoll is almost dead.
You kill the gnoll!
You closely miss the iguana. The iguana closely misses you.
The gnoll barely misses you.
You completely miss the iguana.
The iguana bites you but does no damage.
The gnoll hits you from afar with a +0 halberd!
You barely miss the iguana. The iguana closely misses you.
You hit the iguana but do no damage.
The iguana is poisoned.
The gnoll hits you from afar with a +0 halberd!
* * * LOW HITPOINT WARNING * * *
The iguana bites you but does no damage.
You are feeling hungry.
The iguana looks more healthy.
The iguana bites you!
You die...

.... .. ...## #.## #.##.##
#.... # #.....# #...# #.# #
#.# #[# #...# #.# #.#.# #)#
#...# #.# #.#.###)###<..#
#.# #.............########
#.# ###.###.####......)))#
#.######...g..gl@.#######.#
#.##.........###### #.#
.....###.##### #.# #.####
#.# #.# #.# #.# #.# #.# #.#
#.# #.# #.# #.####### #.#
#.# #.......# #.# #.#
#######.#


You could see an iguana and 2 gnolls.

Vanquished Creatures
  Sigmund (D:4)
  A sky beast (D:3)
  2 orc priests
  6 orc wizards
  4 worker ants (D:4)
  A hound skeleton (D:4)
  Robin (D:4)
  2 gnolls
  3 adders
  A howler monkey skeleton (D:3)
  2 worms
  2 dart slugs
  A leopard gecko (D:2)
  14 orcs
  5 giant cockroaches
  16 goblins
  3 hobgoblins
  16 jackals
  A quokka (D:3)
  4 bats
  2 frilled lizards
  9 kobolds
  8 rats
105 creatures vanquished.

Notes
Turn   | Place    | Note
-------+----------+-------------------------------------------
     0 | D:1      | DerDa the Gargoyle Earth Elementalist began the quest for
                  | the Orb.
     0 | D:1      | Reached XP level 1. HP: 10/10 MP: 3/3
   274 | D:1      | Reached skill level 4 in Earth Magic
   274 | D:1      | Reached XP level 2. HP: 15/15 MP: 1/5
   985 | D:1      | Reached XP level 3. HP: 16/19 MP: 3/6
  1360 | D:2      | Learned a level 2 spell: Passwall
  1364 | D:2      | Learned a level 3 spell: Stone Arrow
  1618 | D:2      | Reached XP level 4. HP: 24/24 MP: 4/8
  1739 | D:2      | Reached skill level 1 in Conjurations
  1739 | D:2      | Reached skill level 5 in Earth Magic
  1788 | D:3      | Reached XP level 5. HP: 28/28 MP: 6/10
  2219 | D:3      | Noticed a sky beast
  2241 | D:3      | Killed a sky beast
  2241 | D:3      | Reached skill level 6 in Earth Magic
  2241 | D:3      | Reached XP level 6. HP: 26/32 MP: 7/12
  2564 | D:4      | Noticed Sigmund
  2573 | D:4      | Killed Sigmund
  2573 | D:4      | Reached XP level 7. HP: 32/36 MP: 11/13
  2855 | D:4      | Reached skill level 7 in Earth Magic
  2945 | D:4      | Learned a level 5 spell: Lee's Rapid Deconstruction
  2950 | D:4      | Learned a level 4 spell: Petrify
  2964 | D:4      | Noticed Robin
  2980 | D:4      | Killed Robin
  3027 | D:4      | Reached skill level 5 in Spellcasting
  3156 | D:4      | HP: 1/36 [gnoll/+0 halberd (15)]
  3174 | D:4      | Slain by an iguana

Levels and vault maps discovered:
D:1:      evilmike_arrival_hilbert_curve, layout_loops_ring,
          kennysheep_small_spiral
D:2:      layout_basic
D:3:      layout_basic
D:4:      layout_loops_ring, yredelemnul_altar_generic, uniq_sigmund, uniq_robin

Skill      XL: |  1  2  3  4  5  6  7 |
---------------+----------------------+-----
Earth Magic    | 4 5 6 7 |  7.4
Spellcasting   | 3 4 5 |  5.2
Conjurations   | 1 2 3 |  3.3
Dodging        | |  1.5
Stealth        | |  2.1
Transmutations | |  0.7

Action                   |  1- 3 |  4- 6 |  7- 9 || total
-------------------------+-------+-------+-------++-------
Melee: Short sword       |     3 |       |       ||     3
       Dagger            |    51 |    68 |    84 ||   203
 Cast: Sandblast         |    34 |    31 |    24 ||    89
  Use: Scroll            |       |       |     4 ||     4
  Eat: Chunk             |     2 |     3 |     2 ||     7
Armor: Robe              |    19 |    28 |    36 ||    83
Dodge: Dodged            |    51 |    51 |    48 ||   150

Table legend:
 A = Non-vault XP
 B = Vault XP
 C = Vault XP percentage of total XP
 D = Non-vault monster count
 E = Vault monster count
 F = Vault count percentage of total count
                 A         B        C        D         E       F
            +---------+---------+-------+---------+---------+-------
      Total |     806 |     261 |  24.5 |      93 |      12 |  11.4
            +---------+---------+-------+---------+---------+-------
        D:1 |      42 |       0 |   0.0 |      17 |       0 |   0.0
        D:2 |      83 |       0 |   0.0 |      25 |       0 |   0.0
        D:3 |     261 |       0 |   0.0 |      27 |       0 |   0.0
        D:4 |     420 |     261 |  38.3 |      24 |      12 |  33.3
            +---------+---------+-------+---------+---------+-------
